 Dungeon Crawl Stone Soup version 0.27.0-1-g7a089689b8 (webtiles) character file.

Game seed: 2433652882942877219

6328 Forgeling the Thaumaturge (level 10, -14/69 HPs)
             Began as a Mummy Warper on Aug 10, 2021.
             Was a High Priest of Cheibriados.
             Shot with an arrow by a centaur warrior (18 damage)
             ... on level 11 of the Dungeon.
             The game lasted 00:52:55 (16047 turns).

Forgeling the Thaumaturge (Mummy Warper)           Turns: 16047, Time: 00:52:56

Health: -14/69     AC:  6    Str: 26    XL:     10   Next: 64%
Magic:  19/23      EV: 17    Int: 33    God:    Cheibriados [*****.]
Gold:   543        SH:  5    Dex: 22    Spells: 4/27 levels left

rFire    x . .     SeeInvis .   u - +5 quarterstaff of Success {spect, *Rage rElec rN++ Stlth+}
rCold    + . .     Faith    .   (shield currently unavailable)
rNeg     + + +     Spirit   .   s - +2 robe {Will+}
rPois    ∞         Reflect  +   (no helmet)
rElec    +         Harm     .   x - +0 cloak
rCorr    .         Rampage  .   w - +0 pair of gloves
Will     ++...                  (no boots)
Stlth    ++++......             A - amulet of reflection
HPRegen  0.21/turn              n - +6 ring of intelligence
MPRegen  0.18/turn              h - +4 ring of evasion

@: very slow
A: cold resistance 1, negative energy resistance 3, torment resistance 2, heat
vulnerability 1, no potions
a: Renounce Religion, Bend Time, Temporal Distortion, Slouch, Step From Time


You were on level 11 of the Dungeon.
You worshipped Cheibriados.
Cheibriados was extremely pleased with you.
You visited 1 branch of the dungeon, and saw 11 of its levels.

You collected 543 gold pieces.

Inventory:

Hand Weapons
 l - a +0 dagger of electrocution
 u - the +5 quarterstaff of Success (weapon) {spect, *Rage rElec rN++ Stlth+}
   (You found it on level 6 of the Dungeon)

   When its wielder attacks, the weapon's spirit leaps out and strikes again.
   The spirit shares a part of any damage it takes with its wielder.
   rElec:     It insulates you from electricity.
   rN:        It greatly protects you from negative energy.
   *Rage:     It may make you go berserk in combat.
   Stlth:     It makes you more stealthy.
 z - a +2 glaive of draining
Missiles
 a - a curare-tipped dart
 d - 5 boomerangs of dispersal
 e - 50 poisoned darts
 f - 7 silver javelins
Armour
 s - a +2 robe of willpower (worn)
 w - a +0 pair of gloves (worn)
 x - a +0 cloak (worn)
 y - +0 steam dragon scales
Magical Staves
 g - a staff of cold
 o - a staff of death
Jewellery
 b - a ring of fire
 h - a +4 ring of evasion (right hand)
 j - a ring of protection from cold
 n - a +6 ring of intelligence (left hand)
 r - a ring of fire
 t - a ring of see invisible
 A - an amulet of reflection (around neck)
Wands
 i - a wand of iceblast (2)
 p - a wand of paralysis (16)
 q - a wand of flame (26)
Scrolls
 c - 5 scrolls of enchant weapon
 m - 3 scrolls of amnesia
 v - a scroll of enchant armour
 D - a scroll of blinking
 F - 2 scrolls of fog
 K - a scroll of immolation
 X - a scroll of magic mapping {@r4}
 Y - 2 scrolls of teleportation {@r3}
 Z - 5 scrolls of identify {@r1}


   Skills:
 + Level 2.8 Fighting
 - Level 1.5 Short Blades
 - Level 0.7 Throwing
 - Level 0.7 Armour
 + Level 2.3 Dodging
 - Level 4.0 Stealth
 - Level 9.0 Spellcasting
 - Level 5.0 Hexes
 - Level 4.0 Summonings
 - Level 4.9 Translocations
 - Level 2.0 Ice Magic
 - Level 8.0 Invocations
 - Level 3.0 Evocations


You had 4 spell levels left.
You knew the following spells:

 Your Spells              Type           Power      Damage    Failure   Level
d - Call Canine Familiar  Summ           41%        N/A       1%          3
f - Teleport Other        Tloc           47%        N/A       1%          3
q - Ozocubu's Armour      Ice            28%        N/A       4%          3
u - Summon Mana Viper     Hex/Summ       44%        N/A       14%         5
x - Gell's Gravitas       Tloc           23%        N/A       1%          3
B - Blink                 Tloc           N/A        N/A       1%          2
F - Cause Fear            Hex            23%        N/A       4%          4

Your spell library contained the following spells:

 Spells                   Type           Power      Damage    Failure   Level
 Lesser Beckoning         Tloc           23%        N/A       1%          3
 Portal Projectile        Hex/Tloc       94%        N/A       1%          3
 Foxfire                  Conj/Fire      56%        2x1d6     3%          1
 Inner Flame              Hex/Fire       31%        N/A       3%          3
 Conjure Flame            Conj/Fire      14%        6-21      10%         3
 Leda's Liquefaction      Hex/Erth       15%        N/A       11%         4
 Manifold Assault         Tloc           47%        N/A       12%         5
 Summon Forest            Summ/Tloc      22%        N/A       14%         5
 Metabolic Englaciation   Hex/Ice        18%        N/A       21%         5
 Excruciating Wounds      Necr           7%         N/A       65%         5
 Iskenderun's Battlesphe  Conj           14%        2d7       65%         5
 Shadow Creatures         Summ           N/A        N/A       67%         6
 Simulacrum               Ice/Necr       10%        N/A       97%         6
 Iron Shot                Conj/Erth      7%         9d2       99%         6
 Summon Hydra             Summ           20%        N/A       99%         7
 Ozocubu's Refrigeration  Ice            14%        4d7       100%        7
 Spellforged Servitor     Conj/Summ      14%        N/A       100%        7
 Dragon's Call            Summ           20%        N/A       100%        9
 Sublimation of Blood     Necr           Unusable   N/A       N/A         2
 Wereblood                Tmut           Unusable   N/A       N/A         2
 Blade Hands              Tmut           Unusable   N/A       N/A         5
 Dragon Form              Tmut           Unusable   N/A       N/A         7

Dungeon Overview and Level Annotations

Branches:
Dungeon (11/15)            Temple (0/1) D:6            Lair (0/6) D:9
    Orc (0/2) D:11

Altars:
Ashenzari
Cheibriados
Dithmenos
Uskayaw
Yredelemnul

Shops:
D:7 *   D:9 *

Annotations:
D:8 exclusion: acid dragon, Harold
D:10 exclusions: two-headed ogre and yak
D:11 exclusions: boulder beetle, cyclops and manticore


Innate Abilities, Weirdness & Mutations

You are immune to poison.
Your flesh is cold resistant. (rC+)
You are immune to negative energy. (rN+++)
You are immune to unholy pain and torment.
You are vulnerable to heat. (rF-)
You do not drink.


Message History

Here: a centaur warrior, wielding a +0 longbow and quivering arrows The floor.
Unknown command.
Unknown command.
Unknown command.
Unknown command.
Okay, then.
Unknown command.
Unknown command.
Unknown command.
Okay, then.
Unknown command.
Unknown command.
Okay, then.
Unknown command.
Unknown command.
Char dumped successfully.
Okay, then.
Search for what [Enter for "fear", or ? for help]? fear Can't find anything matching that.
Unknown command.
Unknown command.
Okay, then.
Casting: Cause Fear (dangerous; 4% risk of failure)
Press: ? - help, Q - select action, (/) - cycle Dir - look around, f - activate Look: a centaur warrior, wielding a +0 longbow and quivering arrows (chance to affect: 65%)
Okay, then.
Unknown command.
Okay, then.
Okay, then.
Unknown command.
Okay, then.
Unknown command.
Unknown command.
You fail to use your ability.
The centaur warrior shoots an arrow.
Casting: Cause Fear (dangerous; 4% risk of failure)
Confirm with . or Enter, or press ? or * to list all spells.
The centaur warrior resists with almost no effort.
The centaur warrior shoots an arrow.
The arrow hits you!!
You die...

..####.....##'##...# #
#................#
#..........#####.#
#..........# #.#
#.#.[......# #.#
######.#........# #.#
.......#........# #.#
.......#........#####.#
.........@............#
.#########'####.......#
.c.. #.....#.#
...(..#.....#.#
$c..##.#.......# .....#
.#.......# .......
#.#####.# ........
#.#####.# #.......#


You could see a centaur warrior.

Vanquished Creatures
  A two-headed ogre (D:9)
  Pikel (D:5)
  Maggie (D:8)
  A kobold demonologist (D:11)
  Psyche (D:8)
  The ghost of robertstho the Magician, a novice DjFE (D:3)
  A shadow (D:11)
  A vampire (D:11)
  2 vampire mosquitoes (D:7)
  4 wargs
  2 ice beasts (D:7)
  A sky beast (D:5)
  2 orc warriors
  An ogre (D:4)
  A necrophage (D:3)
  3 centaurs
  2 phantoms (D:7)
  4 kobold brigands (D:11)
  A bullfrog (D:6)
  A jelly (D:7)
  9 killer bees
  2 electric eels (D:11)
  2 howler monkeys (D:9)
  A bullfrog zombie (D:7)
  A centaur zombie (D:7)
  A centaur skeleton (D:7)
  3 orc priests
  2 bullfrog skeletons
  2 iguanas
  A scorpion zombie (D:5)
  10 orc wizards
  A hound skeleton (D:3)
  4 gnolls
  5 adders
  A shadow imp (D:7)
  A white imp (D:7)
  A dart slug (D:1)
  A worm (D:3)
  37 orcs
  7 ball pythons
  4 bats
  9 endoplasms
  7 giant cockroaches
  6 goblins
  4 hobgoblins
  4 jackals (D:5)
  10 kobolds
  A quokka (D:2)
  4 frilled lizards
  A giant cockroach simulacrum (D:3)
  A quokka skeleton (D:4)
  8 rats
183 creatures vanquished.

Vanquished Creatures (collateral kills)
  A troll (D:11)
  A sky beast (D:6)
  A water moccasin skeleton (D:5)
  5 killer bees (D:7)
  A jelly (D:4)
  A bullfrog zombie (D:5)
  A hound (D:5)
  3 orc priests
  2 orc wizards
  A howler monkey skeleton (D:5)
  A howler monkey simulacrum (D:3)
  An adder simulacrum (D:3)
  7 orcs
  A jackal simulacrum (D:3)
  A kobold (D:11)
  A quokka simulacrum (D:3)
29 creatures vanquished.

Vanquished Creatures (others)
  8 plants (D:2)
8 creatures vanquished.

Grand Total: 220 creatures vanquished

Notes
Turn   | Place    | Note
-------+----------+-------------------------------------------
     0 | D:1      | Forgeling the Mummy Warper began the quest for the Orb.
     0 | D:1      | Reached XP level 1. HP: 16/16 MP: 4/4
   165 | D:1      | Reached XP level 2. HP: 21/22 MP: 5/5
   176 | D:1      | Found a faded altar of an unknown god.
   184 | D:1      | Became a worshipper of Cheibriados the Contemplative
   184 | D:1      | Reached * piety under Cheibriados
  1136 | D:1      | Learned a level 2 spell: Blink
  1178 | D:1      | Reached XP level 3. HP: 21/27 MP: 7/7
  1622 | D:2      | Reached ** piety under Cheibriados
  2110 | D:2      | Learned a level 3 spell: Teleport Other
  2607 | D:3      | Reached XP level 4. HP: 33/33 MP: 8/8
  2625 | D:2      | Reached skill level 3 in Spellcasting
  3318 | D:3      | Found a runed translucent gate.
  3318 | D:3      | Found a runed translucent gate.
  3319 | D:3      | Found a runed translucent gate.
  3431 | D:3      | Reached skill level 4 in Spellcasting
  3631 | D:3      | Reached *** piety under Cheibriados
  3759 | D:3      | Reached XP level 5. HP: 26/38 MP: 11/11
  3894 | D:3      | Noticed robertstho's ghost (novice DjFE)
  3981 | D:3      | Learned a level 3 spell: Gell's Gravitas
  4777 | D:3      | Found a runed translucent gate.
  4777 | D:3      | Found a runed translucent gate.
  4778 | D:3      | Found a runed translucent gate.
  6012 | D:4      | Learned a level 3 spell: Ozocubu's Armour
  6100 | D:4      | Noticed a phantom
  6175 | D:4      | Noticed a necrophage
  6206 | D:3      | Killed a necrophage
  6207 | D:3      | Reached skill level 1 in Ice Magic
  6207 | D:3      | Reached XP level 6. HP: 24/44 MP: 9/12
  6615 | D:4      | Found a basalt altar of Yredelemnul.
  6615 | D:4      | Found a faded altar of an unknown god.
  6623 | D:4      | Found a hide-covered altar of Uskayaw.
  6625 | D:4      | Found a broken altar of Ashenzari.
  6627 | D:4      | Found a shadowy altar of Dithmenos.
  6763 | D:5      | Entered Level 5 of the Dungeon
  6767 | D:5      | Noticed a sky beast
  6827 | D:4      | Learned a level 3 spell: Call Canine Familiar
  6976 | D:4      | Reached skill level 1 in Summonings
  7490 | D:5      | Killed a sky beast
  7652 | D:5      | Reached XP level 7. HP: 25/50 MP: 8/13
  8612 | D:5      | Noticed Pikel
  8630 | D:5      | Killed Pikel
  8631 | D:5      | Reached skill level 5 in Spellcasting
  8631 | D:5      | Reached skill level 6 in Spellcasting
  8631 | D:5      | Reached skill level 7 in Spellcasting
  8986 | D:5      | HP: 1/50 [orc wizard/puff of flame (7)]
  9465 | D:5      | Reached **** piety under Cheibriados
  9843 | D:6      | Reached XP level 8. HP: 56/56 MP: 9/19
 10002 | D:6      | Reached skill level 8 in Spellcasting
 10077 | D:6      | Reached skill level 1 in Invocations
 10792 | D:6      | Found a staircase to the Ecumenical Temple.
 11100 | D:6      | Identified the +5 quarterstaff of Success {spect, *Rage
                  | rElec rN++ Stlth+}
 11383 | D:3      | Killed robertstho's ghost
 11608 | D:4      | Reached skill level 5 in Invocations
 12020 | D:7      | Reached XP level 9. HP: 32/61 MP: 10/21
 12810 | D:7      | Found Uhoos's General Store.
 12825 | D:7      | Reached skill level 1 in Evocations
 13093 | D:8      | Noticed Harold
 13130 | D:8      | Noticed Psyche
 13135 | D:8      | Killed Psyche
 13136 | D:8      | Reached skill level 1 in Stealth
 13298 | D:8      | Learned a level 4 spell: Cause Fear
 13391 | D:8      | Noticed Maggie
 13412 | D:8      | Killed Maggie
 13413 | D:8      | Reached skill level 1 in Hexes
 13477 | D:9      | Found a staircase to the Lair.
 13537 | D:9      | Noticed a two-headed ogre
 13557 | D:9      | Learned a level 5 spell: Summon Mana Viper
 14052 | D:9      | Found Quisiem's General Store.
 14188 | D:9      | Killed a two-headed ogre
 14189 | D:9      | Reached XP level 10. HP: 21/67 MP: 2/22
 14523 | D:10     | Entered Level 10 of the Dungeon
 14602 | D:10     | Noticed a two-headed ogre
 14692 | D:10     | Noticed an orc knight
 15191 | D:11     | Reached skill level 5 in Hexes
 15209 | D:11     | Found a staircase to the Orcish Mines.
 15356 | D:11     | Noticed a cyclops
 15364 | D:11     | Noticed a boulder beetle
 15415 | D:11     | Noticed a manticore
 15775 | D:11     | Reached skill level 9 in Spellcasting
 15781 | D:11     | Reached ***** piety under Cheibriados
 16042 | D:11     | Noticed a centaur warrior
 16045 | D:11     | HP: 3/69 [centaur warrior/arrow (23)]
 16047 | D:11     | Shot with an arrow by a centaur warrior

Illustrated notes

Levels and vault maps discovered:
D:1:      heliophobic_arrival_henge, layout_basic,
          dilly_ecumenical_altar_fadedgnrine
D:2:      layout_basic, serial_bayou_lagoon_b
D:3:      layout_loops_ring, gammafunk_ghost_icy
D:4:      kennysheep_big_flooded_room, layout_basic,
          chequers_temple_overflow_minitemple, corexii_hall_statues_l,
          kennysheep_generic_room_16
D:5:      layout_layer_cave, uniq_pikel
D:6:      layout_loops_corners, temple_statues
D:7:      layout_basic, serial_shops, nicolae_shop_stone, grunt_ministairs_12,
          eino_jars
D:8:      layout_basic, uniq_maggie, uniq_psyche, uniq_harold
D:9:      layout_small_grid, lair_entry_dummy, serial_shops, shop
D:10:     layout_basic
D:11:     layout_stronghold, minmay_orc_entry_guard_dogs,
          kennysheep_decorative_pillar, fountainhead

Skill      XL: |  1  2  3  4  5  6  7  8  9 10 |
---------------+-------------------------------+-----
Translocations | 3 4 |  4.9
Spellcasting   | 4 7 8 9 |  9.0
Ice Magic      | 1 2 |  2.0
Summonings     | 2 3 4 |  4.0
Invocations    | 6 8 |  8.0
Evocations     | 3 |  3.0
Stealth        | 3 4 |  4.0
Hexes          | 3 5 |  5.0
Dodging        | 2 |  2.3
Fighting       | |  2.8
Short Blades   | |  1.5
Throwing       | |  0.7
Armour         | |  0.7

Action                   |  1- 3 |  4- 6 |  7- 9 | 10-12 || total
-------------------------+-------+-------+-------+-------++-------
Melee: Short sword       |   176 |   261 |    82 |       ||   519
       Dagger            |       |       |    79 |       ||    79
       Staff             |       |       |     4 |       ||     4
       Quarterstaff      |       |       |    95 |    66 ||   161
Throw: Dart              |       |     6 |    13 |    12 ||    31
 Cast: Teleport Other    |       |    12 |     8 |     1 ||    21
       Ozocubu's Armour  |       |     8 |    30 |     8 ||    46
       Call Canine Famil |       |     7 |    22 |     2 ||    31
       Cause Fear        |       |       |     5 |     2 ||     7
       Summon Mana Viper |       |       |       |     1 ||     1
Invok: Slouch            |       |       |     3 |       ||     3
Evoke: Wand              |       |     1 |     8 |       ||     9
  Use: Scroll            |     1 |       |     6 |     2 ||     9
 Stab: Paralysed         |       |     3 |       |       ||     3
       Distracted        |       |       |     4 |       ||     4
       Sleeping          |       |       |     2 |       ||     2
Armor: Leather armour    |    37 |    53 |     7 |       ||    97
       Robe              |       |       |    59 |    10 ||    69
Dodge: Dodged            |    91 |   173 |   197 |    50 ||   511
Block: Other             |       |       |     4 |    22 ||    26
       Reflection        |       |       |     3 |     2 ||     5
